Map: Whirlwind LE (Void)

Players

NiXLiM

  • Race: Terran Terran
  • League: Bronze
  • Spawn Location: 1:00

A.I. 1 (Hard) - Winner!

  • Race: Terran Terran
  • Spawn Location: 11:00

VOD

Have the link to the VOD?

Description

Time

  • Played on: Dec. 5, 2016, 12:52 p.m.
  • Length: 6:27
Show
View Real Time Build Order
Export as new Build Order

NiXLiM Terran 

Build Orders:  

Get SALT Encoding   

  12  0:01  SCV  
  13  0:13  SCV  
  14  0:23  Supply Depot  
  14  0:25  SCV  
  15  0:44  SCV  
  16  0:50  Barracks  
  16  0:56  SCV  
  17  1:10  SCV  
  18  1:24  Command Center  
  18  1:39  Orbital Command  
  18  1:47  Supply Depot  
  18  1:55  Marine  
  19  2:12  SCV  
  20  2:33  Refinery x2  
  20  2:49  Supply Depot  
  20  2:56  Orbital Command  
  20  3:04  Marine  
  21  3:12  Supply Depot  
  21  3:21  SCV  
  21  3:26  SCV  
  23  3:33  SCV  
  24  3:35  Supply Depot  
  24  3:38  SCV  
  25  3:50  Barracks  
  25  3:51  SCV x2  
  25  3:53  Barracks  
  25  3:54  Marine  
  28  3:59  Supply Depot  
  28  4:04  SCV x2  
  30  4:16  Barracks Reactor  
  30  4:23  Supply Depot  
  30  4:40  SCV x2  
  30  4:43  Engineering Bay  
  30  4:44  Barracks Reactor  
  32  4:45  Supply Depot  
  32  4:46  Engineering Bay  
  32  4:48  Barracks Tech Lab  
  32  4:51  Barracks Tech Lab  
  32  5:08  Supply Depot  
  32  5:16  Marine x2  
  32  5:18  Marauder x2  
  38  5:22  SCV x2  
  40  5:44  Factory  
  37  5:58  Refinery  
  37  6:01  Refinery  
  35  6:06  Supply Depot  
Show
View Real Time Build Order
Export as new Build Order

A.I. 1 (Hard) Terran - Winner!

Build Orders:  

Get SALT Encoding   

  12  0:00  SCV  
  13  0:13  SCV  
  14  0:19  Supply Depot  
  14  0:25  SCV  
  15  0:40  SCV  
  16  0:43  Barracks  
  16  0:48  Refinery  
  16  0:52  SCV  
  17  1:04  SCV  
  18  1:17  SCV  
  19  1:18  Supply Depot  
  19  1:29  SCV  
  19  1:31  Marine  
  21  1:40  Barracks  
  21  1:42  Orbital Command  
  21  1:48  Refinery  
  21  1:50  Barracks Tech Lab  
  21  2:05  Supply Depot  
  21  2:08  Marauder  
  23  2:29  Marine  
  24  2:30  Marine  
  25  2:39  Supply Depot  
  25  2:47  Marine  
  25  2:48  Marine  
  27  2:53  SCV  
  28  3:05  Engineering Bay, Marine, SCV, Marauder  
  32  3:17  SCV  
  33  3:23  Marine  
  33  3:26  Marine, Supply Depot  
  35  3:29  SCV  
  37  3:41  Marine, SCV  
  37  3:44  Marauder  
  40  3:53  SCV  
  41  4:06  Marauder  
  43  5:16  Barracks Tech Lab  
  43  5:18  Factory  
  43  5:22  Factory  
  43  5:24  Missile Turret  
  43  5:25  Missile Turret, Command Center  
  43  5:44  Bunker  
  43  6:03  Barracks  
  45  6:04  Supply Depot  
  45  6:08  Starport  
  47  6:15  Starport  
Tags
 
League
Bronze
Matchup
TvT
Race
Terran
Spawn Locations
Close Positions
Add a new tag
Caveats
  • Supply blocks, unpowered buildings, or Contaminate may cause inaccurate times.
  • Supply counts are checked every 10 seconds.